 Dungeon Crawl Stone Soup version 0.32-a0-732-ga344392067 (webtiles) character file.

Game seed: 9710032214860980121

49 Bigboy123 the Chopper (level 3, -2/31 HPs)
             Began as a Mountain Dwarf Monk on Mar 16, 2024.
             Slain by a gnoll
             ... wielding a +0 whip
              (6 damage)
             ... on level 1 of the Dungeon.
             The game lasted 00:03:19 (711 turns).

Bigboy123 the Chopper (Mountain Dwarf Monk)          Turns: 711, Time: 00:03:20

Health: -2/31      AC:  4    Str: 15    XL:     3   Next: 53%
Magic:  3/3        EV: 11    Int: 10    God:
Gold:   32         SH:  0    Dex: 12    Spells: 2/2 levels left

rFire   . . .        a - +0 hand axe
rCold   . . .        d - orb {light}
rNeg    . . .        f - +1 leather armour
rPois   .            (no helmet)
rElec   .            (no cloak)
rCorr   .            (no gloves)
SInv    .            (no boots)
Will    .....        (no amulet)
Stlth   +            (no ring)
HPRegen 0.25/turn    (no ring)
MPRegen 0.08/turn

%: no passive effects
@: glowing
A: runic magic, artefact enchanting
a: no special abilities


You were on level 1 of the Dungeon.
You visited 1 branch of the dungeon, and saw 2 of its levels.

You collected 32 gold pieces.

Inventory:

Hand Weapons
 a - a +0 hand axe (weapon)
Armour
 b - a +0 robe
 d - an orb of light (worn)
 f - a +1 leather armour (worn)
Scrolls
 e - a scroll of teleportation {unknown}
 i - a scroll of poison {unknown}
 j - a scroll of identify {unknown}
Potions
 c - a potion of ambrosia
 g - a potion of invisibility {unknown}


   Skills:
 - Level 3.4 Fighting
 + Level 5.2 Axes
 - Level 2.3 Dodging


You had 2 spell levels left.
You didn't know any spells.
Your spell library was empty.

Dungeon Overview and Level Annotations

Branches:
Dungeon (2/15)

Altars:


Innate Abilities, Weirdness & Mutations

Your spellcasting is much less encumbered by armour.
You can use scrolls of enchantment on lesser artefacts.


Message History

The gnoll shouts!
You hit the gnoll.
The gnoll is moderately wounded.
The gnoll closely misses you.
You hit the gnoll but do no damage.
The gnoll is moderately wounded.
A gnoll comes into view. It is wielding a +4 spear.
The gnoll hits you with a +0 whip.
You barely miss the gnoll.
The gnoll is moderately wounded.
A gnoll comes into view. It is wielding a +0 spear.
The gnoll hits you with a +0 whip.
The gnoll shouts!
You hit the gnoll.
The gnoll is severely wounded.
The gnoll hits you with a +0 whip.
The gnoll hits you from afar with a +4 spear!
You are too injured to fight recklessly!
Unknown command.
You are too injured to fight recklessly!
There is a stone staircase leading up, spattered with blood here.
The gnoll barely misses you. The gnoll hits you with a +0 whip.
* * * LOW HITPOINT WARNING * * *
The gnoll barely misses you. The gnoll hits you but does no damage.
You climb upwards.
There is a stone staircase leading down here.
You are too injured to fight recklessly!
Sorry, you're not good enough to have a special ability.
As you read the scroll labelled TUPEXEJAIN, it crumbles to dust.
It is a scroll of enchant armour.
Your +0 leather armour glows green for a moment.
The gnoll barely misses you. The gnoll hits you with a +4 spear.
* * * LOW HITPOINT WARNING * * *
The gnoll closely misses you.
You hit the gnoll.
The gnoll is moderately wounded.
You hit the gnoll. You hit the gnoll but do no damage.
The gnoll hits you but does no damage. The gnoll completely misses you.
The gnoll hits you with a +0 whip.
You die...

#########......###
###.#....##.
#....(....######
#......... #....######
##########.....##
####....####
#.............##
####....####.########....#
####.#.....# #....###
#.#.....# #.......
#...gg..# #.....##
###..@g.# ####### #.....#
#######


You could see 3 gnolls.

Vanquished Creatures
  2 adders (D:2)
  2 ball pythons (D:1)
  4 bats (D:1)
  2 endoplasms (D:1)
  2 giant cockroaches (D:1)
  5 goblins
  5 hobgoblins
  5 kobolds (D:1)
  2 rats (D:1)
29 creatures vanquished.

Notes
Turn   | Place    | Note
-------+----------+-------------------------------------------
     0 | D:1      | Bigboy123 the Mountain Dwarf Monk began the quest for the
                  | Orb.
     0 | D:1      | Reached XP level 1. HP: 19/19 MP: 1/1
    60 | D:1      | Reached XP level 2. HP: 4/26 MP: 2/2
   186 | D:1      | Reached skill level 4 in Axes
   494 | D:1      | Reached XP level 3. HP: 27/31 MP: 3/3
   626 | D:2      | Reached skill level 5 in Axes
   711 | D:1      | Slain by a gnoll

Illustrated notes

Levels and vault maps discovered:
D:1:      minmay_arrival_five_plusses, layout_rooms
D:2:      layout_basic

Skill      XL: |  1  2  3 |
---------------+----------+-----
Axes           | 4 5 |  5.2
Fighting       | |  3.4
Dodging        | |  2.3

Action                     || total
---------------------------++-------
  Melee: Hand axe          ||    87
    Use: Scroll            ||     1
 Armour: Robe              ||    18
         Leather armour    ||    43
  Dodge: Dodged            ||    58

Table legend: (Time is in decaauts)
 A = Elapsed time spent in this place.
 B = Non-inter-level travel time spent in this place.
 C = Inter-level travel time spent in this place.
 D = Time resting spent in this place.
 E = Time spent auto-exploring this place.
 F = Levels seen in this place.
 G = Mean time per level.
                   A        B        C        D        E       F      G
               +--------+--------+--------+--------+--------+-----+--------+
         Total |    719 |    699 |     20 |    108 |    408 |   2 |  359.5 |
       Dungeon |    719 |    699 |     20 |    108 |    408 |   2 |  359.5 |
               +--------+--------+--------+--------+--------+-----+--------+

Top non-repeatable levels by time:
     D:1: 611 daAuts
     D:2: 107 daAuts
